 Dungeon Crawl Stone Soup version 0.31-a0-152-g6aa68a64a1 (webtiles) character file.

Game seed: 10001287552545451504

8796 qw the Fighter (level 11, -5/116 HPs)
             Began as a Naga Hunter on June 9, 2023.
             Was a Priest of Okawaru.
             Slain by a komodo dragon (6 damage)
             ... on level 1 of the Lair of Beasts.
             The game lasted 00:03:47 (10050 turns).

qw the Fighter (Naga Hunter)                       Turns: 10050, Time: 00:03:48

Health: -5/116     AC: 13    Str: 13    XL:     11   Next: 36%
Magic:  14/14      EV: 13    Int:  9    God:    Okawaru [***...]
Gold:   422        SH:  0    Dex: 20    Spells: 10/10 levels left

rFire   . . .        Y - +1 orcbow
rCold   + . .        (shield currently unavailable)
rNeg    . . .        k - +2 ring mail {rC+}
rPois   +            h - +2 helmet
rElec   .            (no cloak)
rCorr   .            (no gloves)
SInv    +            (no barding)
Will    +....        (no amulet)
Stlth   +++          (no ring)
HPRegen 0.39/turn    (no ring)
MPRegen 0.14/turn

%: no passive effects
@: lethally poisoned (-5 -> -7), short of breath, heroic, very slow
A: AC +3, large, see invisible, deformed body, poison resistance, slowness 2,
spit poison 1, naga tail 1
a: Spit Poison, Renounce Religion, Heroism


You were on level 1 of the Lair of Beasts.
You worshipped Okawaru.
Okawaru was most pleased with you.
You visited 3 branches of the dungeon, and saw 12 of its levels.

You collected 422 gold pieces.


Innate Abilities, Weirdness & Mutations

Your serpentine skin is tough. (AC +3)
You have supernaturally acute eyesight. (SInv)
Armour fits poorly on your strangely shaped body.
Your system is resistant to poisons. (rPois)
You cover ground very slowly.
You can spit poison.
You have a snake-like lower body.


   Skills:
 - Level 12.8(17.8) Fighting
 + Level 11.7(16.7) Ranged Weapons
 - Level 2.0(7.0) Armour
 - Level 3.2(8.2) Dodging
 - Level 1.5(6.5) Stealth
 - Level 4.1 Invocations


You had 10 spell levels left.
You didn't know any spells.
Your spell library was empty.

Inventory:

Hand Weapons
 l - a +1 shortbow of flaming
 Y - a +1 orcbow (weapon)
Armour
 e - a +1 robe of fire resistance
 h - a +2 helmet (worn)
 k - a +2 ring mail of cold resistance (worn)
Wands
 c - a wand of digging (3)
Scrolls
 a - 2 scrolls of identify
 j - a scroll of noise {unknown}
Potions
 b - a potion of curing
 d - a potion of resistance
 g - a potion of mutation {unknown}
 i - a potion of haste
 m - a potion of ambrosia {unknown}
 n - a potion of brilliance {unknown}

Dungeon Overview and Level Annotations

Branches:
Dungeon (10/15)            Temple (1/1) D:4            Lair (1/5) D:10
    Orc: D:9-12

Altars:
Ashenzari
Cheibriados
Dithmenos
Elyvilon
Fedhas
Gozag
Hepliaklqana
Kikubaaqudgha
Makhleb
Nemelex Xobeh
Okawaru
Qazlal
Ru
Sif Muna
Trog
Uskayaw
Vehumet
Wu Jian
Xom
Yredelemnul
Zin
The Shining One

Shops:
D:1 =

Annotations:
D:6 3 runed translucent doors, qw's ghost, novice MiHu
D:7 1 runed translucent door, Crazy Yiuf
D:8 3 runed translucent doors, Gastronok; qw's ghost, novice GrFi


Message History

The black mamba barely misses you. The komodo dragon closely misses you.
10045 ||| INVOKING Spit Poison.
Aiming: Spit Poison (1% risk of failure)
Press: ? - help, Shift-Dir - straight line, f/p - komodo dragon The splash of poison hits the komodo dragon but does no damage.
The komodo dragon is lightly wounded.
You feel very sick.
The black mamba bites you but does no damage.
The blink frog blinks!
The komodo dragon completely misses you.
The black mamba closely misses you.
You shoot an arrow.
The arrow barely misses the komodo dragon.
You feel sick. The black mamba bites you.
You shoot an arrow. The arrow hits the komodo dragon.
The komodo dragon is moderately wounded.
You feel sick.
The black mamba bites you but does no damage.
The komodo dragon barely misses you. The black mamba bites you!
You shoot an arrow.
The arrow barely misses the komodo dragon.
You feel sick. The komodo dragon bites you! The black mamba barely misses you.
You shoot an arrow.
The arrow hits the komodo dragon but does no damage.
The komodo dragon is moderately wounded.
You have got your breath back.
You feel sick. The black mamba bites you!
The blink frog hits you but does no damage.
The komodo dragon closely misses you.
10050 ||| INVOKING Spit Poison.
Aiming: Spit Poison (1% risk of failure)
Press: ? - help, Shift-Dir - straight line, f/p - komodo dragon The splash of poison hits the komodo dragon.
The komodo dragon is poisoned.
The komodo dragon is moderately wounded.
You feel sick. The black mamba bites you!
The blink frog hits you but does no damage.
The black mamba bites you but does no damage.
The komodo dragon bites you.
You die...

... ###..............#
....##.#.............##P
........................
...............^........
##......................
#######..#..........##.
#.###.....##.######.
#...}.....#.######.
#S@F........%......
#.[l.#.#............
.....#................
...}..............##..#.
.........#....###.###...
.}...}.###....# #.......
....... #....# #.......
...}... #....# ####....
##...


You could see a komodo dragon (poisoned), a black mamba and a blink frog.

Vanquished Creatures
  2 two-headed ogres (D:9)
  Amaemon (D:8)
  An orange demon (D:8)
  Eustachio (D:5)
  A shadow (D:9)
  4 yaks (D:8)
  2 wyverns
  A basilisk (Lair:1)
  2 steam dragons
  Grum (D:8)
  6 water moccasins
  2 acid dragons
  6 orc warriors
  3 ice beasts
  A black bear (D:6)
  4 wolves (D:8)
  3 centaurs
  3 ogres
  A phantom (D:6)
  2 kobold brigands
  2 bullfrogs
  A gnoll sergeant (D:9)
  2 scorpions
  12 wights
  3 killer bees (D:8)
  An electric eel (D:7)
  2 howler monkeys
  A jelly (D:5)
  2 hounds
  3 sleepcaps
  3 orc priests
  6 iguanas
  Ijyb (D:3)
  8 orc wizards
  7 gnolls
  3 adders
  2 shadow imps
  3 white imps
  2 ufetubi
  3 worms
  4 dart slugs
  29 orcs
  6 endoplasms
  A giant cockroach (D:4)
  6 goblins
  4 hobgoblins
  14 jackals
  16 kobolds
  3 quokkas
  6 ball pythons
  7 bats
  8 frilled lizards
  2 rats (D:1)
220 creatures vanquished.

Vanquished Creatures (others)
  An orc wizard (D:6)
1 creature vanquished.

Grand Total: 221 creatures vanquished

Notes
Turn   | Place    | Note
-------+----------+-------------------------------------------
     0 | D:1      | qw the Naga Hunter began the quest for the Orb.
     0 | D:1      | Reached XP level 1. HP: 19/19 MP: 1/1
     0 | D:1      | 0 ||| qw: Version: 0.2-a-122-gbc61b45
     0 | D:1      | 0 ||| qw: Game counter: 3394
     0 | D:1      | 0 ||| qw: Always use a shield: true
     0 | D:1      | 0 ||| qw: God list: Okawaru
     0 | D:1      | 0 ||| qw: Allow faded altars: false
     0 | D:1      | 0 ||| qw: Do Orc after D:15 true
     0 | D:1      | 0 ||| qw: Do second Lair branch before Depths: true
     0 | D:1      | 0 ||| qw: Lair rune preference: random
     0 | D:1      | 0 ||| qw: Plans: Normal
     0 | D:1      | 0 ||| PLANNING D:1-11
    52 | D:1      | 52 ||| INVOKING Spit Poison.
    59 | D:1      | 59 ||| INVOKING Spit Poison.
    65 | D:1      | 65 ||| INVOKING Spit Poison.
    83 | D:1      | 83 ||| INVOKING Spit Poison.
    98 | D:1      | Reached XP level 2. HP: 26/26 MP: 2/2
   109 | D:1      | 109 ||| INVOKING Spit Poison.
   148 | D:1      | 148 ||| INVOKING Spit Poison.
   161 | D:1      | Found Wemol's Jewellery Shop.
   164 | D:1      | 164 ||| SHOPLISTING amulet of faith (520 gold, have 17).
   164 | D:1      | 164 ||| SHOPLISTING ring "Hischin" {Fire rN+} (470 gold,
                  | have 17).
   164 | D:1      | 164 ||| SHOPLISTING ring of positive energy (260 gold, have
                  | 17).
   164 | D:1      | 164 ||| SHOPLISTING ring of willpower (325 gold, have 17).
   226 | D:1      | 226 ||| INVOKING Spit Poison.
   254 | D:1      | 254 ||| INVOKING Spit Poison.
   260 | D:1      | 260 ||| INVOKING Spit Poison.
   335 | D:1      | 335 ||| INVOKING Spit Poison.
   399 | D:1      | Found a faded altar of an unknown god.
   457 | D:1      | 457 ||| INVOKING Spit Poison.
   461 | D:1      | 461 ||| INVOKING Spit Poison.
   464 | D:1      | Reached XP level 3. HP: 25/32 MP: 3/3
   502 | D:1      | 502 ||| INVOKING Spit Poison.
   645 | D:1      | 645 ||| INVOKING Spit Poison.
   648 | D:1      | 648 ||| INVOKING Spit Poison.
   669 | D:1      | 669 ||| UPGRADING to +1 robe of the Archmagi.
   679 | D:1      | 679 ||| DROPPING +0 leather armour.
   680 | D:1      | 680 ||| UPGRADING to +0 helmet.
   685 | D:1      | 685 ||| DROPPING ring of wizardry.
   686 | D:1      | 686 ||| READING scroll labelled YNONUH KIMAIGH.
   687 | D:1      | 687 ||| READING scroll labelled XAAR RISIH FEUCU.
   688 | D:1      | 688 ||| READING scroll labelled PUNOSYB KEFOZYOD.
   689 | D:1      | 689 ||| READING scroll labelled LUOTTI MYOZXEV.
   749 | D:1      | 749 ||| READING scroll labelled MOHINO OPLOS.
   750 | D:1      | 750 ||| READING scroll labelled KIUXEG URREFEH.
   751 | D:1      | 751 ||| DROPPING scroll of butterflies.
   787 | D:2      | 787 ||| INVOKING Spit Poison.
   804 | D:2      | 804 ||| INVOKING Spit Poison.
   809 | D:2      | 809 ||| INVOKING Spit Poison.
   879 | D:2      | 879 ||| INVOKING Spit Poison.
   884 | D:2      | 884 ||| INVOKING Spit Poison.
   904 | D:2      | 904 ||| INVOKING Spit Poison.
   906 | D:2      | Reached XP level 4. HP: 39/39 MP: 4/4
   931 | D:2      | 931 ||| INVOKING Spit Poison.
   987 | D:2      | 987 ||| INVOKING Spit Poison.
   994 | D:2      | 994 ||| INVOKING Spit Poison.
   997 | D:2      | 997 ||| INVOKING Spit Poison.
  1001 | D:2      | Reached skill level 3 in Fighting
  1003 | D:2      | 1003 ||| INVOKING Spit Poison.
  1008 | D:2      | 1008 ||| INVOKING Spit Poison.
  1087 | D:2      | 1087 ||| INVOKING Spit Poison.
  1190 | D:2      | 1190 ||| INVOKING Spit Poison.
  1193 | D:2      | 1193 ||| INVOKING Spit Poison.
  1195 | D:2      | Reached XP level 5. HP: 49/49 MP: 5/5
  1208 | D:2      | 1208 ||| INVOKING Spit Poison.
  1424 | D:2      | 1424 ||| READING 2 scrolls of identify.
  1424 | D:2      | 1424 ||| IDENTIFYING metallic amethyst potion
  1425 | D:2      | 1425 ||| DROPPING potion of enlightenment.
  1445 | D:3      | 1445 ||| INVOKING Spit Poison.
  1462 | D:3      | Noticed Ijyb
  1463 | D:3      | 1463 ||| INVOKING Spit Poison.
  1466 | D:3      | 1466 ||| INVOKING Spit Poison.
  1469 | D:3      | 1469 ||| INVOKING Spit Poison.
  1469 | D:3      | HP: 4/49 [Ijyb/bolt of dispelling energy (24)]
  1473 | D:3      | Killed Ijyb
  1658 | D:3      | 1658 ||| INVOKING Spit Poison.
  1956 | D:3      | 1956 ||| INVOKING Spit Poison.
  2035 | D:3      | 2035 ||| READING scroll of enchant armour.
  2035 | D:3      | 2035 ||| ENCHANTING +0 helmet.
  2047 | D:3      | 2047 ||| INVOKING Spit Poison.
  2246 | D:3      | 2246 ||| DROPPING ring of magical power.
  2247 | D:3      | 2247 ||| READING scroll labelled JAOTHR QETO.
  2248 | D:3      | 2248 ||| DRINKING 2 viscous green potions.
  2249 | D:3      | 2249 ||| DROPPING potion of magic.
  2268 | D:4      | 2268 ||| INVOKING Spit Poison.
  2274 | D:4      | 2274 ||| STAIRDANCE
  2367 | D:4      | 2367 ||| INVOKING Spit Poison.
  2370 | D:4      | 2370 ||| INVOKING Spit Poison.
  2371 | D:4      | 2371 ||| STAIRDANCE
  2374 | D:3      | 2374 ||| INVOKING Spit Poison.
  2381 | D:3      | 2381 ||| INVOKING Spit Poison.
  2382 | D:3      | Reached skill level 6 in Ranged Weapons
  2382 | D:3      | Reached XP level 6. HP: 23/56 MP: 6/6
  2538 | D:4      | 2538 ||| INVOKING Spit Poison.
  2572 | D:4      | 2572 ||| INVOKING Spit Poison.
  2577 | D:4      | 2577 ||| READING scroll of enchant armour.
  2577 | D:4      | 2577 ||| ENCHANTING +1 helmet.
  2644 | D:4      | 2644 ||| INVOKING Spit Poison.
  2648 | D:4      | 2648 ||| INVOKING Spit Poison.
  2652 | D:4      | 2652 ||| INVOKING Spit Poison.
  2673 | D:4      | Found a staircase to the Ecumenical Temple.
  2674 | D:4      | 2674 ||| PLANNING TEMPLE
  2674 | D:4      | 2674 ||| READING scroll labelled JELIC SALAEGRAINK.
  2675 | D:4      | 2675 ||| READING 2 scrolls labelled NYXAUSUACU.
  2676 | D:4      | 2676 ||| DRINKING 2 clear potions.
  2677 | D:4      | 2677 ||| READING 3 scrolls of identify.
  2677 | D:4      | 2677 ||| IDENTIFYING emerald potion
  2678 | D:4      | 2678 ||| READING 2 scrolls of identify.
  2678 | D:4      | 2678 ||| IDENTIFYING brown potion
  2679 | D:4      | 2679 ||| DRINKING potion of experience.
  2679 | D:4      | Reached skill level 12 in Fighting
  2679 | D:4      | Reached XP level 7. HP: 85/85 MP: 7/7
  2680 | D:4      | 2680 ||| DROPPING scroll of magic mapping.
  2690 | Temple   | Entered the Ecumenical Temple
  2692 | Temple   | 2692 ||| PLANNING OKAWARU WORSHIP
  2844 | Temple   | Became a worshipper of Warmaster Okawaru
  2844 | Temple   | 2844 ||| PLANNING D:1-11
  2984 | D:4      | 2984 ||| INVOKING Spit Poison.
  3021 | D:4      | 3021 ||| INVOKING Spit Poison.
  3027 | D:4      | 3027 ||| INVOKING Spit Poison.
  3098 | D:4      | Found a shimmering blue altar of Sif Muna.
  3156 | D:5      | Entered Level 5 of the Dungeon
  3157 | D:5      | 3157 ||| INVOKING Spit Poison.
  3160 | D:5      | 3160 ||| INVOKING Spit Poison.
  3164 | D:5      | 3164 ||| INVOKING Spit Poison.
  3169 | D:5      | 3169 ||| INVOKING Spit Poison.
  3171 | D:5      | 3171 ||| STAIRDANCE
  3176 | D:4      | 3176 ||| INVOKING Spit Poison.
  3220 | D:5      | 3220 ||| INVOKING Spit Poison.
  3221 | D:5      | 3221 ||| Stepping ~*~*~tactically~*~*~ (outnumbered).
  3227 | D:5      | 3227 ||| INVOKING Spit Poison.
  3230 | D:5      | 3230 ||| INVOKING Spit Poison.
  3234 | D:5      | 3234 ||| INVOKING Spit Poison.
  3334 | D:5      | 3334 ||| INVOKING Spit Poison.
  3343 | D:5      | 3343 ||| INVOKING Spit Poison.
  3351 | D:5      | 3351 ||| INVOKING Spit Poison.
  3466 | D:5      | 3466 ||| INVOKING Spit Poison.
  3472 | D:5      | 3472 ||| INVOKING Spit Poison.
  3475 | D:5      | 3475 ||| INVOKING Spit Poison.
  3532 | D:5      | Noticed Eustachio
  3535 | D:5      | 3535 ||| INVOKING Spit Poison.
  3538 | D:5      | 3538 ||| INVOKING Spit Poison.
  3543 | D:5      | 3543 ||| INVOKING Spit Poison.
  3546 | D:5      | Killed Eustachio
  3680 | D:5      | 3680 ||| INVOKING Spit Poison.
  3685 | D:5      | 3685 ||| INVOKING Spit Poison.
  3691 | D:5      | Reached XP level 8. HP: 79/93 MP: 8/8
  3992 | D:5      | 3992 ||| INVOKING Spit Poison.
  3996 | D:5      | Reached * piety under Okawaru
  3998 | D:5      | 3998 ||| INVOKING Spit Poison.
  4005 | D:5      | 4005 ||| INVOKING Spit Poison.
  4082 | D:5      | 4082 ||| INVOKING Heroism.
  4247 | D:5      | 4247 ||| INVOKING Spit Poison.
  4251 | D:5      | 4251 ||| INVOKING Spit Poison.
  4555 | D:5      | 4555 ||| READING scroll labelled LOSTRADOAVIMO.
  4556 | D:5      | 4556 ||| READING scroll labelled ZOFOODASEC.
  4636 | D:6      | Noticed qw's ghost (novice MiHu)
  4743 | D:6      | Found a runed translucent gate.
  4744 | D:6      | Found a runed translucent gate.
  4746 | D:6      | Found a runed translucent gate.
  4748 | D:6      | 4748 ||| INVOKING Spit Poison.
  4757 | D:6      | 4757 ||| INVOKING Heroism.
  4759 | D:6      | 4759 ||| INVOKING Spit Poison.
  4765 | D:6      | Reached skill level 1 in Invocations
  4810 | D:6      | 4810 ||| INVOKING Heroism.
  4811 | D:6      | 4811 ||| INVOKING Heroism.
  4812 | D:6      | 4812 ||| INVOKING Spit Poison.
  4866 | D:6      | 4866 ||| INVOKING Spit Poison.
  4870 | D:6      | 4870 ||| INVOKING Spit Poison.
  4883 | D:6      | 4883 ||| INVOKING Heroism.
  4886 | D:6      | 4886 ||| INVOKING Spit Poison.
  4891 | D:6      | 4891 ||| INVOKING Spit Poison.
  4938 | D:6      | 4938 ||| INVOKING Spit Poison.
  4944 | D:6      | 4944 ||| INVOKING Spit Poison.
  4948 | D:6      | 4948 ||| INVOKING Spit Poison.
  4951 | D:6      | 4951 ||| INVOKING Spit Poison.
  4952 | D:6      | 4952 ||| INVOKING Heroism.
  4953 | D:6      | 4953 ||| INVOKING Spit Poison.
  4957 | D:6      | 4957 ||| INVOKING Spit Poison.
  5097 | D:6      | Reached XP level 9. HP: 100/100 MP: 10/10
  5127 | D:6      | 5127 ||| INVOKING Spit Poison.
  5134 | D:6      | 5134 ||| INVOKING Spit Poison.
  5170 | D:6      | 5170 ||| Stepping ~*~*~tactically~*~*~ (outnumbered).
  5254 | D:6      | 5254 ||| INVOKING Spit Poison.
  5256 | D:6      | 5256 ||| INVOKING Heroism.
  5258 | D:6      | 5258 ||| INVOKING Spit Poison.
  5266 | D:6      | 5266 ||| INVOKING Spit Poison.
  5275 | D:6      | 5275 ||| INVOKING Spit Poison.
  5278 | D:6      | 5278 ||| INVOKING Heroism.
  5281 | D:6      | 5281 ||| INVOKING Spit Poison.
  5287 | D:6      | Reached skill level 3 in Invocations
  5289 | D:6      | 5289 ||| INVOKING Spit Poison.
  5423 | D:6      | 5423 ||| SWAPPING to +0 orcbow.
  5658 | D:6      | 5658 ||| UPGRADING to +2 ring mail of cold resistance.
  5668 | D:6      | 5668 ||| DROPPING +1 robe of the Archmagi.
  5683 | D:7      | 5683 ||| INVOKING Spit Poison.
  5759 | D:7      | 5759 ||| INVOKING Spit Poison.
  5777 | D:7      | 5777 ||| INVOKING Spit Poison.
  5778 | D:7      | 5778 ||| INVOKING Heroism.
  5786 | D:7      | 5786 ||| INVOKING Spit Poison.
  5802 | D:7      | 5802 ||| INVOKING Heroism.
  5803 | D:7      | 5803 ||| INVOKING Spit Poison.
  5811 | D:7      | 5811 ||| INVOKING Spit Poison.
  5847 | D:7      | Reached skill level 1 in Armour
  5940 | D:7      | 5940 ||| INVOKING Spit Poison.
  5948 | D:7      | 5948 ||| INVOKING Heroism.
  5949 | D:7      | 5949 ||| INVOKING Spit Poison.
  5956 | D:7      | 5956 ||| INVOKING Spit Poison.
  6084 | D:7      | 6084 ||| INVOKING Heroism.
  6085 | D:7      | 6085 ||| INVOKING Spit Poison.
  6187 | D:7      | 6187 ||| INVOKING Heroism.
  6217 | D:7      | 6217 ||| INVOKING Heroism.
  6326 | D:7      | Found a sparkling altar of Nemelex Xobeh.
  6326 | D:7      | Found an ornate altar of the Wu Jian Council.
  6524 | D:7      | 6524 ||| INVOKING Heroism.
  6525 | D:7      | 6525 ||| INVOKING Spit Poison.
  6528 | D:7      | 6528 ||| Stepping ~*~*~tactically~*~*~ (cloud).
  6529 | D:7      | 6529 ||| INVOKING Spit Poison.
  6532 | D:7      | 6532 ||| Stepping ~*~*~tactically~*~*~ (cloud).
  6553 | D:7      | 6553 ||| INVOKING Spit Poison.
  6558 | D:7      | 6558 ||| INVOKING Spit Poison.
  6778 | D:7      | Found a runed translucent door.
  6779 | D:7      | Noticed Crazy Yiuf
  6864 | D:8      | 6864 ||| INVOKING Spit Poison.
  6893 | D:8      | 6893 ||| INVOKING Heroism.
  6896 | D:8      | 6896 ||| Stepping ~*~*~tactically~*~*~ (outnumbered).
  6901 | D:8      | 6901 ||| INVOKING Spit Poison.
  6906 | D:8      | Reached XP level 10. HP: 100/109 MP: 11/13
  6909 | D:8      | 6909 ||| INVOKING Spit Poison.
  6912 | D:8      | 6912 ||| Stepping ~*~*~tactically~*~*~ (outnumbered).
  6916 | D:8      | 6916 ||| INVOKING Spit Poison.
  6918 | D:8      | 6918 ||| INVOKING Heroism.
  6920 | D:8      | Reached skill level 9 in Ranged Weapons
  6931 | D:8      | 6931 ||| INVOKING Spit Poison.
  6937 | D:8      | Reached skill level 3 in Dodging
  7095 | D:8      | Found a runed translucent gate.
  7104 | D:8      | 7104 ||| INVOKING Spit Poison.
  7109 | D:8      | 7109 ||| INVOKING Heroism.
  7110 | D:8      | 7110 ||| INVOKING Spit Poison.
  7116 | D:8      | 7116 ||| INVOKING Spit Poison.
  7284 | D:8      | 7284 ||| INVOKING Heroism.
  7305 | D:8      | Noticed Amaemon
  7307 | D:8      | 7307 ||| INVOKING Spit Poison.
  7312 | D:8      | Noticed an orange demon
  7313 | D:8      | 7313 ||| INVOKING Spit Poison.
  7315 | D:8      | 7315 ||| INVOKING Heroism.
  7320 | D:8      | 7320 ||| INVOKING Spit Poison.
  7321 | D:8      | Killed Amaemon
  7321 | D:8      | Reached ** piety under Okawaru
  7324 | D:8      | 7324 ||| INVOKING Spit Poison.
  7328 | D:8      | 7328 ||| INVOKING Spit Poison.
  7331 | D:8      | Killed an orange demon
  7469 | D:8      | 7469 ||| INVOKING Spit Poison.
  7660 | D:8      | Found a blossoming altar of Fedhas.
  7662 | D:8      | Noticed Gastronok
  7663 | D:8      | 7663 ||| INVOKING Heroism.
  7711 | D:8      | Noticed Grum
  7712 | D:8      | 7712 ||| INVOKING Heroism.
  7713 | D:8      | 7713 ||| INVOKING Spit Poison.
  7716 | D:8      | 7716 ||| Stepping ~*~*~tactically~*~*~ (outnumbered).
  7719 | D:8      | 7719 ||| INVOKING Spit Poison.
  7734 | D:8      | 7734 ||| INVOKING Heroism.
  7735 | D:8      | 7735 ||| INVOKING Spit Poison.
  7740 | D:8      | 7740 ||| INVOKING Spit Poison.
  7744 | D:8      | 7744 ||| INVOKING Spit Poison.
  7746 | D:8      | Killed Grum
  7748 | D:8      | 7748 ||| INVOKING Spit Poison.
  7752 | D:8      | 7752 ||| INVOKING Spit Poison.
  7756 | D:8      | 7756 ||| INVOKING Heroism.
  7757 | D:8      | HP: 25/106 [wolf[Grum] (4)]
  7758 | D:8      | 7758 ||| DRINKING potion of heal wounds.
  7759 | D:8      | 7759 ||| INVOKING Spit Poison.
  8130 | D:8      | Found a runed translucent gate.
  8131 | D:8      | Found a runed translucent gate.
  8134 | D:8      | Noticed qw's ghost (novice GrFi)
  8139 | D:8      | 8139 ||| READING scroll labelled LALOIST EWNINT.
  8156 | D:8      | 8156 ||| READING 3 scrolls of identify.
  8156 | D:8      | 8156 ||| IDENTIFYING bubbling red potion
  8157 | D:8      | 8157 ||| READING 2 scrolls of identify.
  8157 | D:8      | 8157 ||| IDENTIFYING grey potion
  8158 | D:8      | 8158 ||| DROPPING potion of lignification.
  8218 | D:9      | 8218 ||| INVOKING Spit Poison.
  8226 | D:9      | 8226 ||| INVOKING Spit Poison.
  8233 | D:9      | 8233 ||| INVOKING Heroism.
  8234 | D:9      | 8234 ||| INVOKING Spit Poison.
  8239 | D:9      | 8239 ||| INVOKING Spit Poison.
  8468 | D:9      | 8468 ||| INVOKING Spit Poison.
  8475 | D:9      | 8475 ||| INVOKING Spit Poison.
  8478 | D:9      | 8478 ||| INVOKING Spit Poison.
  8484 | D:9      | 8484 ||| INVOKING Spit Poison.
  8574 | D:9      | 8574 ||| INVOKING Spit Poison.
  8576 | D:9      | Noticed a two-headed ogre
  8577 | D:9      | 8577 ||| INVOKING Heroism.
  8580 | D:9      | 8580 ||| INVOKING Spit Poison.
  8584 | D:9      | 8584 ||| INVOKING Spit Poison.
  8585 | D:9      | Killed a two-headed ogre
  8586 | D:9      | Reached XP level 11. HP: 94/116 MP: 12/14
  8755 | D:9      | 8755 ||| INVOKING Heroism.
  8915 | D:9      | 8915 ||| INVOKING Heroism.
  8916 | D:9      | 8916 ||| INVOKING Spit Poison.
  8945 | D:9      | 8945 ||| READING scroll of enchant weapon.
  8945 | D:9      | 8945 ||| ENCHANTING +0 orcbow.
  9063 | D:9      | Noticed a two-headed ogre
  9064 | D:9      | 9064 ||| INVOKING Heroism.
  9067 | D:9      | 9067 ||| INVOKING Spit Poison.
  9071 | D:9      | 9071 ||| INVOKING Spit Poison.
  9071 | D:9      | Killed a two-headed ogre
  9087 | D:9      | 9087 ||| DRINKING 2 pink potions.
  9088 | D:9      | 9088 ||| READING 2 scrolls of identify.
  9088 | D:9      | 9088 ||| IDENTIFYING murky black potion
  9091 | D:10     | Entered Level 10 of the Dungeon
  9128 | D:10     | 9128 ||| INVOKING Spit Poison.
  9213 | D:10     | 9213 ||| INVOKING Spit Poison.
  9216 | D:10     | 9216 ||| INVOKING Spit Poison.
  9282 | D:10     | Found a staircase to the Lair.
  9312 | D:10     | Found a hazy altar of Hepliaklqana.
  9328 | D:10     | 9328 ||| INVOKING Spit Poison.
  9334 | D:10     | 9334 ||| INVOKING Spit Poison.
  9338 | D:10     | 9338 ||| INVOKING Spit Poison.
  9341 | D:10     | 9341 ||| INVOKING Spit Poison.
  9488 | D:10     | Found a stormy altar of Qazlal.
  9549 | D:10     | 9549 ||| INVOKING Heroism.
  9550 | D:10     | 9550 ||| INVOKING Spit Poison.
  9559 | D:10     | 9559 ||| INVOKING Spit Poison.
  9563 | D:10     | 9563 ||| INVOKING Spit Poison.
  9569 | D:10     | 9569 ||| INVOKING Spit Poison.
  9570 | D:10     | 9570 ||| INVOKING Heroism.
  9703 | D:10     | 9703 ||| Stepping ~*~*~tactically~*~*~ (outnumbered).
  9704 | D:10     | 9704 ||| INVOKING Spit Poison.
  9711 | D:10     | 9711 ||| INVOKING Spit Poison.
  9836 | D:10     | 9836 ||| PLANNING LAIR
  9836 | D:10     | 9836 ||| READING scroll labelled NOUNEY NEORIJ.
  9863 | Lair:1   | Entered Level 1 of the Lair of Beasts
  9946 | Lair:1   | 9946 ||| INVOKING Spit Poison.
 10027 | Lair:1   | 10027 ||| DRINKING potion of cancellation.
 10028 | Lair:1   | 10028 ||| INVOKING Heroism.
 10029 | Lair:1   | 10029 ||| INVOKING Spit Poison.
 10037 | Lair:1   | 10037 ||| INVOKING Spit Poison.
 10041 | Lair:1   | Reached *** piety under Okawaru
 10045 | Lair:1   | 10045 ||| INVOKING Spit Poison.
 10047 | Lair:1   | HP: 28/116 [black mamba (10)]
 10049 | Lair:1   | HP: 13/116 [black mamba (7)]
 10050 | Lair:1   | 10050 ||| INVOKING Spit Poison.
 10050 | Lair:1   | HP: 1/116 [black mamba (11)]
 10050 | Lair:1   | Slain by a komodo dragon

Levels and vault maps discovered:
D:1:      dpeg_arrival_rooms_a, layout_basic, serial_shops,
          nicolae_shop_real_fake_doors, hellmonk_ecumenical_altar_inner_sanctum
D:2:      layout_basic
D:3:      layout_loops_ring, kennysheep_generic_room_12, uniq_ijyb
D:4:      layout_basic, mainiacjoe_overflow_brackets,
          minmay_temple_entry_antechambers, chequers_serial_rivers_room_a
D:5:      layout_layer_cave, hex_tiny, uniq_eustachio
D:6:      layout_loops_cross, gammafunk_ghost_split
D:7:      layout_loops_cross, nicolae_overflow_two_pavilions,
          hangedman_decor_diamond_cutter, uniq_crazy_yiuf_cottage
D:8:      layout_loops_ring, lemuel_tele_altar, gammafunk_ghost_necromancy,
          uniq_grum, uniq_gastronok, uniq_amaemon
D:9:      layout_loops_ring
D:10:     layout_loops_ring, lemuel_crystal_altar,
          nicolae_hepliaklqana_hazy_memory, lair_entry_dummy
Temple:   nicolae_temple_elliptical
Lair:1:   layout_gridlike, serial_bayou, serial_bayou_pond_a,
          serial_bayou_crossing, serial_bayou_pond_d, serial_bayou_pond_d,
          dreamdust_deal_with_the_devil, grunt_megastairs_4, uniq_harold,
          uniq_joseph

Skill      XL: |  1  2  3  4  5  6  7  8  9 10 11 |
---------------+----------------------------------+-----
Ranged Weapons | 4 5 6 7 8 10 11 | 11.7
Fighting       | 3 12 | 12.8
Dodging        | 2 3 |  3.2
Invocations    | 1 4 |  4.1
Armour         | 1 2 |  2.0
Stealth        | |  1.5

Action                     |  1- 3 |  4- 6 |  7- 9 | 10-12 || total
---------------------------+-------+-------+-------+-------++-------
   Fire: Shortbow          |    54 |    74 |   254 |       ||   382
         Orcbow            |       |       |    88 |   278 ||   366
 Invoke: Heroism           |       |       |    15 |    16 ||    31
Ability: Spit Poison       |    21 |    27 |    64 |    52 ||   164
    Use: Scroll            |     6 |     8 |     2 |     6 ||    22
         Potion            |       |     3 |       |     3 ||     6
 Armour: Leather armour    |     2 |       |       |       ||     2
         Robe              |     1 |    19 |    36 |       ||    56
         Ring mail         |       |       |    13 |   109 ||   122
  Dodge: Dodged            |    11 |    34 |    93 |   148 ||   286

Table legend:
 A = Non-vault XP
 B = Vault XP
 C = Vault XP percentage of total XP
 D = Non-vault monster count
 E = Vault monster count
 F = Vault count percentage of total count
                 A         B        C        D         E       F
            +---------+---------+-------+---------+---------+-------
      Total |    9818 |    2390 |  19.6 |     209 |      12 |   5.4
            +---------+---------+-------+---------+---------+-------
        D:1 |      43 |       0 |   0.0 |      26 |       0 |   0.0
        D:2 |     124 |       0 |   0.0 |      26 |       0 |   0.0
        D:3 |     123 |      40 |  24.5 |       6 |       2 |  25.0
        D:4 |     125 |       0 |   0.0 |      16 |       0 |   0.0
        D:5 |     429 |     217 |  33.6 |      25 |       1 |   3.8
        D:6 |    1889 |       0 |   0.0 |      36 |       0 |   0.0
        D:7 |    1106 |       0 |   0.0 |      18 |       0 |   0.0
        D:8 |    1914 |    1793 |  48.4 |      20 |       7 |  25.9
        D:9 |    2842 |       0 |   0.0 |      20 |       0 |   0.0
       D:10 |     832 |       0 |   0.0 |      13 |       0 |   0.0
     Lair:1 |     391 |     340 |  46.5 |       3 |       2 |  40.0
            +---------+---------+-------+---------+---------+-------
